 Dungeon Crawl Stone Soup version 0.30-a0-777-ga9a30cbeda (webtiles) character file.

Game seed: 2801623763923877886

130 Flugslaktarn the Chopper (level 5, -4/47 HPs)
             Began as a Hill Orc Fighter on Feb 13, 2023.
             Killed by nerve-wracking pain
             ... invoked by Grinder
              (10 damage)
             ... while paralysed by Grinder
             ... on level 3 of the Dungeon.
             The game lasted 00:01:09 (1959 turns).

Flugslaktarn the Chopper (Hill Orc Fighter)         Turns: 1959, Time: 00:01:10

Health: -4/47      AC: 10    Str: 21    XL:     5   Next: 14%
Magic:  5/5        EV:  2    Int:  8    God:
Gold:   194        SH:  0    Dex: 10    Spells: 4/4 levels left

rFire   . . .      SeeInvis +    a - +0 war axe
rCold   . . .      Faith    .    c - +0 buckler
rNeg    . . .      Spirit   .    b - +0 scale mail
rPois   .          Reflect  .    (no helmet)
rElec   .          Harm     .    p - +1 cloak
rCorr   .          Rampage  .    n - +0 pair of gloves
Will    .....                    (no boots) Stlth
                                 (no amulet)
HPRegen 0.27/turn                i - ring of see invisible
MPRegen 0.09/turn                (no ring)

@: paralysed
A: no striking features
a: no special abilities


You were on level 3 of the Dungeon.
You visited 1 branch of the dungeon, and saw 3 of its levels.

You collected 194 gold pieces.

Inventory:

Hand Weapons
 a - a +0 war axe (weapon)
 q - a +1 hand axe of flaming
   (You found it on level 3 of the Dungeon)
Armour
 b - a +0 scale mail (worn)
 c - a +0 buckler (worn)
 n - a +0 pair of gloves (worn)
   (You found it on level 2 of the Dungeon)
 p - a +1 cloak (worn)
   (You found it on level 3 of the Dungeon)
Jewellery
 i - a ring of see invisible (left hand)
   (You found it on level 3 of the Dungeon)
Scrolls
 f - 2 scrolls of teleportation {unknown}
 j - 3 scrolls of blinking {unknown}
 k - 3 scrolls of identify {unknown}
 l - a scroll of amnesia {unknown}
Potions
 d - a potion of might
 e - a potion of degeneration {unknown}
 g - a potion of ambrosia {unknown}
 h - 3 potions of mutation {unknown}
 m - 3 potions of curing {unknown}
 o - a potion of haste {unknown}


   Skills:
 + Level 4.6 Fighting
 * Level 5.1 Axes
 + Level 4.2 Armour
 - Level 3.2 Shields


You had 4 spell levels left.
You didn't know any spells.
Your spell library was empty.

Dungeon Overview and Level Annotations

Branches:
Dungeon (3/15)

Altars:

Annotations:
D:3 Grinder


Message History

You see here 4 atropa-tipped darts.
You enter the shallow water.
Moving in this stuff is going to be slow.
The dart slug launches a dart at you.
The slug dart hits you but does no damage.
The dart slug launches a dart at you.
The slug dart hits you but does no damage.
A dart slug is nearby!
There is a stone staircase leading up here.
Why would you want to do that? Why would you want to do that?
You enter the shallow water.
Moving in this stuff is going to be slow.
Why would you want to do that? Why would you want to do that?
You see here a +1 hand axe of flaming.
q - a +1 hand axe of flaming A rat comes into view.
You see here 17 gold pieces.
A rat is nearby!
A rat is nearby!
The rat bites you but does no damage.
You hit the rat.
You kill the rat!
No target in view!
No target in view!
No target in view!
No target in view!
No target in view!
You now have 194 gold pieces (gained 17).
Grinder comes into view.
Grinder blinks!
Grinder moves out of view.
Grinder is nearby!
Grinder is nearby!
Grinder is nearby!
You hit Grinder.
Grinder is lightly wounded.
Grinder gestures at you.
You suddenly lose the ability to move!
Grinder gestures at you. Pain shoots through your body!
Grinder hits you but does no damage.
You can move again.
You hit Grinder but do no damage.
Grinder is lightly wounded.
Grinder hits you.
You writhe in agony.
You barely miss Grinder.
Grinder is lightly wounded.
Grinder gestures at you.
You barely resist. Grinder hits you but does no damage.
You hit Grinder but do no damage.
Grinder is lightly wounded.
Grinder gestures at you.
You shrug off the repeated paralysis!
You hit Grinder.
Grinder is lightly wounded.
Grinder hits you but does no damage.
You hit Grinder.
Grinder is moderately wounded.
Grinder blinks!
Grinder gestures at you. Pain shoots through your body!
You hit Grinder but do no damage.
Grinder is moderately wounded.
Grinder says, "At least Makhleb appreciates what I'm doing."
Grinder hits you.
You writhe in agony.
You barely miss Grinder.
Grinder is moderately wounded.
Grinder gestures at you. You resist with significant effort.
You barely miss Grinder.
Grinder is moderately wounded.
Grinder gestures at you.
You barely resist. Grinder hits you.
You writhe in agony.
You slash Grinder!
Grinder is severely wounded.
Grinder hits you.
You writhe in agony.
You are too injured to fight recklessly!
You barely miss Grinder.
Grinder is severely wounded.
Grinder closely misses you.
You are too injured to fight recklessly!
Unknown command.
You slash Grinder!
Grinder is almost dead.
Grinder hits you.
* * * LOW HITPOINT WARNING * * *
You writhe in agony.
* * * LOW HITPOINT WARNING * * *
You barely miss Grinder.
Grinder is almost dead.
Grinder gestures at you.
You suddenly lose the ability to move!
Grinder hits you.
* * * LOW HITPOINT WARNING * * *
You writhe in agony.
* * * LOW HITPOINT WARNING * * *
Grinder blinks!
Grinder gestures at you. Pain shoots through your body!
You die...

~≈≈≈≈~~.###.#
~~≈~~~~~# #.
[~≈≈~≈~~# ###.
$~≈~~≈#.. ...
.~~~#≈≈~## ..
~~≈≈≈#~~# #.
8≈≈≈≈~~.. ##.##
8~≈≈≈≈..
####...##
.≈≈≈≈~..
+..5..@.#
≈~~≈~...
####..#.##
≈≈~.....
##.###.##
~##..... #.#
##.# .......
##.###.##
#####+# #.#.##
#.# #.##
#.##########.#
##.#........#.#


You could see Grinder.

Vanquished Creatures
  4 gnolls (D:2)
  An adder (D:3)
  A white imp (D:3)
  A worm (D:2)
  7 dart slugs (D:3)
  2 endoplasms
  2 goblins
  6 hobgoblins
  10 jackals
  4 quokkas
  2 ball pythons
  A bat (D:1)
  7 frilled lizards
  4 kobolds
  9 rats
61 creatures vanquished.

Notes
Turn   | Place    | Note
-------+----------+-------------------------------------------
     0 | D:1      | Flugslaktarn the Hill Orc Fighter began the quest for the
                  | Orb.
     0 | D:1      | Reached XP level 1. HP: 19/19 MP: 1/1
    43 | D:1      | Reached skill level 3 in Axes
   279 | D:1      | Reached XP level 2. HP: 27/27 MP: 2/2
   751 | D:2      | Reached XP level 3. HP: 26/33 MP: 3/3
  1055 | D:2      | Reached skill level 4 in Axes
  1061 | D:2      | Reached XP level 4. HP: 28/40 MP: 4/4
  1782 | D:3      | Reached skill level 5 in Axes
  1788 | D:3      | Reached XP level 5. HP: 47/47 MP: 5/5
  1938 | D:3      | Noticed Grinder
  1941 | D:3      | Paralysed by Grinder for 3 turns
  1956 | D:3      | Paralysed by Grinder for 4 turns
  1959 | D:3      | Killed from afar by Grinder

Illustrated notes

Levels and vault maps discovered:
D:1:      amcnicky_arrival_flooded_fountain, layout_basic
D:2:      layout_basic
D:3:      kennysheep_slugbush, layout_loops_corners, grunt_decor_mini_mirrors,
          grunt_ministairs_1, wad_floor_pattern_2, uniq_grinder

Skill      XL: |  1  2  3  4 |
---------------+-------------+-----
Axes           | 3 4 5 |  5.1
Fighting       | 4 |  4.6
Armour         | 4 |  4.2
Shields        | |  3.2

Action                     |  1- 3 |  4- 6 || total
---------------------------+-------+-------++-------
  Melee: War axe           |    86 |    87 ||   173
 Armour: Scale mail        |    48 |    35 ||    83
  Dodge: Dodged            |    46 |    39 ||    85
  Block: Buckler           |    22 |    12 ||    34

Table legend: (Time is in decaauts)
 A = Elapsed time spent in this place.
 B = Non-inter-level travel time spent in this place.
 C = Inter-level travel time spent in this place.
 D = Time resting spent in this place.
 E = Time spent auto-exploring this place.
 F = Levels seen in this place.
 G = Mean time per level.
                   A        B        C        D        E       F      G
               +--------+--------+--------+--------+--------+-----+--------+
         Total |   2029 |   2006 |     23 |    103 |   1411 |   3 |  676.3 |
       Dungeon |   2029 |   2006 |     23 |    103 |   1411 |   3 |  676.3 |
               +--------+--------+--------+--------+--------+-----+--------+

Top non-repeatable levels by time:
     D:2: 794 daAuts
     D:1: 752 daAuts
     D:3: 482 daAuts
